 Dungeon Crawl Stone Soup version 0.30-b1-2-g02819fbbbe (webtiles) character file.

Game seed: 10924771735521886172

1980 Alarkh the Skirmisher (level 9, 61/61 HPs)
             Began as a Demonspawn Hunter on July 7, 2023.
             Was a Follower of Uskayaw.
             Got out of the dungeon alive.
             The game lasted 00:05:49 (5545 turns).

Alarkh the Skirmisher (Demonspawn Hunter)           Turns: 5545, Time: 00:05:49

Health: 61/61      AC:  7    Str: 12    XL:     9   Next: 1%
Magic:  12/12      EV: 11    Int: 15    God:    Uskayaw [*.....]
Gold:   267        SH:  0    Dex: 16    Spells: 8/8 levels left

rFire   . . .        a - +0 shortbow
rCold   . . .        (shield currently unavailable)
rNeg    + . .        c - +0 leather armour
rPois   .            j - +1 helmet
rElec   .            (no cloak)
rCorr   .            (no gloves)
SInv    .            (no boots)
Will    .....        (no amulet)
Stlth   +            h - ring of flight
HPRegen 0.30/turn    l - ring of positive energy
MPRegen 0.13/turn

%: no passive effects
@: flying
A: yellow scales 1, ignite blood 1, spiny 1, weakness stinger 2
a: Renounce Religion, Stomp


You escaped.
You worshipped Uskayaw.
Uskayaw was noncommittal.
You visited 2 branches of the dungeon, and saw 7 of its levels.

You collected 267 gold pieces.

Inventory:

Hand Weapons
 a - a +0 shortbow (weapon)
Missiles
 k - a throwing net
Armour
 c - a +0 leather armour (worn)
 j - a +1 helmet (worn)
Magical Staves
 q - a staff of earth
Jewellery
 h - a ring of flight (left hand)
 l - a ring of positive energy (right hand)
 x - a ring of protection from fire
 A - a ring of wizardry
Wands
 r - a wand of charming (9)
 C - a wand of quicksilver (10)
Scrolls
 b - 2 scrolls of immolation
 f - 3 scrolls of noise {unknown}
 g - a scroll of enchant armour
 m - 4 scrolls of teleportation
 n - 2 scrolls of magic mapping {unknown}
 o - a scroll of vulnerability {unknown}
 t - 2 scrolls of fear {unknown}
 u - a scroll of poison {unknown}
 y - a scroll of enchant weapon {unknown}
Potions
 d - 4 potions of lignification
 e - 2 potions of magic
 i - 3 potions of flight
 p - a potion of attraction
 s - a potion of heal wounds {unknown}
 v - a potion of cancellation
 w - 2 potions of ambrosia {unknown}
 z - a potion of haste
 B - 2 potions of curing


   Skills:
 - Level 2.0 Fighting
 * Level 10.7 Ranged Weapons
 - Level 1.7 Dodging
 - Level 0.8 Stealth
 + Level 5.3 Invocations


You had 8 spell levels left.
You didn't know any spells.
Your spell library contained the following spells:

 Spells                   Type           Power      Damage    Failure   Level
 Apportation              Tloc           0%         N/A       34%         1
 Magic Dart               Conj           0%         1d3       34%         1
 Necrotise                Necr           0%         1d4       34%         1
 Summon Small Mammal      Summ           0%         N/A       34%         1
 Searing Ray              Conj           0%         2d4       45%         2
 Fulminant Prism          Conj/Hex       0%         3d5       98%         4
 Leda's Liquefaction      Hex/Erth       0%         N/A       98%         4
 Blade Hands              Tmut           0%         N/A       100%        5
 Irradiate                Conj/Tmut      0%         3d11      100%        5
 Lee's Rapid Deconstruct  Erth           0%         3d4*      100%        5
 Statue Form              Tmut/Erth      0%         N/A       100%        6
 Dragon Form              Tmut           0%         N/A       100%        7


Dungeon Overview and Level Annotations

Branches:
Dungeon (6/15)             Temple (1/1) D:6

Altars:
Ashenzari
Cheibriados
Dithmenos
Fedhas
Hepliaklqana
Makhleb
Nemelex Xobeh
Okawaru
Ru
Sif Muna
Uskayaw
Vehumet
Wu Jian
Yredelemnul

Shops:
D:1 (   D:2 [((?

Annotations:
Temple 4 transporters


Innate Abilities, Weirdness & Mutations

You are partially covered in yellow scales. (AC +2)
Your demonic aura sometimes causes spilled blood to erupt in flames.
You are partially covered in sharp spines.
You have a tail ending in a sharp stinger.


Message History

There is a stone staircase leading up here.
You fly upwards.
There is a stone staircase leading down here.
You see here a +0 dagger.
There is a stone staircase leading up here.
You fly upwards.
There is a stone staircase leading down here.
There is a stone staircase leading up here.
You fly upwards.
There is a stone staircase leading down here.
A hobgoblin is nearby!
You shoot an arrow. The arrow closely misses the hobgoblin.
The hobgoblin shouts!
You shoot an arrow.
The arrow hits the hobgoblin but does no damage.
You shoot an arrow. The arrow closely misses the hobgoblin.
The hobgoblin is struck by your spines. The hobgoblin closely misses you.
You shoot an arrow. The arrow hits the hobgoblin.
The hobgoblin is heavily wounded.
The hobgoblin misses you.
You shoot an arrow. The arrow closely misses the hobgoblin.
The hobgoblin is struck by your spines.
You kill the hobgoblin!
No target in view!
No target in view!
(D) Dungeon (T) Temple
Where to? (Enter - D:1, ? - help)
You now have 267 gold pieces (gained 16).
Things that are here:
6 atropa-tipped darts; a hobgoblin corpse
There is a stone staircase leading up here.
You fly upwards.
There is a stone staircase leading down here.
You can't go up here!
There is an open door here.
There is a fountain of clear blue water here.
There is an open door here.
There is a staircase leading out of the dungeon here.
Are you sure you want to leave the Dungeon?
This will make you lose the game!
You have escaped!

.........#
#######..##
.........#
#.....##.###
.........#
#.8.8.##...#
.........#
#..8...###.##
.........#
#.8.8...##..#
.........#
#........##.#
.........#
#.###.⌠.⌠.#.#
.........#
#.+.#.....#.#
##########
#.#@#..8..'.#
#.'.#.....#.#
#.###.⌠.⌠(#.##
#........##..#
#.8.8...####.##
#..8...## #..##
#.8.8.## ##..#
#.....# ##.#
#######
#####.#####


There were no monsters in sight!

Vanquished Creatures
  Pikel (D:4)
  An ogre (D:5)
  An ice beast (D:6)
  4 phantoms
  A bullfrog (D:6)
  3 scorpions
  A water moccasin zombie (D:4)
  A bullfrog zombie (D:4)
  2 centaur zombies (D:4)
  3 hounds (D:6)
  3 sleepcaps
  6 iguanas
  2 scorpion zombies (D:4)
  2 hound zombies (D:4)
  A hound skeleton (D:4)
  A gnoll (D:6)
  5 adders
  A white imp (D:6)
  3 ufetubi
  6 adder zombies (D:4)
  2 worms
  2 dart slugs
  13 orcs
  8 endoplasms
  3 giant cockroaches
  7 goblins
  12 hobgoblins
  4 jackals (D:2)
  A quokka (D:4)
  6 ball pythons
  5 bats
  2 frilled lizards (D:1)
  10 kobolds
  4 rats
127 creatures vanquished.

Vanquished Creatures (others)
  9 withered plants (D:4)
9 creatures vanquished.

Grand Total: 136 creatures vanquished

Notes
Turn   | Place    | Note
-------+----------+-------------------------------------------
     0 | D:1      | Alarkh the Demonspawn Hunter began the quest for the Orb.
     0 | D:1      | Reached XP level 1. HP: 16/16 MP: 1/1
   196 | D:1      | Reached skill level 4 in Ranged Weapons
   230 | D:1      | Gained mutation: You have a small tail. [demonic ancestry]
   230 | D:1      | Reached XP level 2. HP: 22/22 MP: 2/2
   314 | D:1      | Found Fisa's Antique Weapon Boutique.
   359 | D:1      | Found a faded altar of an unknown god.
   763 | D:2      | Found Xilirch's Weapon Emporium.
   774 | D:2      | Gained mutation: You are partially covered in sharp spines.
                  | [demonic ancestry]
   774 | D:2      | Reached XP level 3. HP: 27/27 MP: 3/3
   831 | D:2      | Found Aruciywitt's Magic Scroll Boutique.
  1029 | D:2      | Found Rovichi's Armour Shoppe.
  1133 | D:2      | Reached skill level 5 in Ranged Weapons
  1166 | D:2      | Found Titudwun's Antique Weapon Emporium.
  1432 | D:3      | Reached XP level 4. HP: 33/33 MP: 4/4
  1981 | D:3      | Found a basalt altar of Yredelemnul.
  2198 | D:3      | Found a hide-covered altar of Uskayaw.
  2237 | D:3      | Became a worshipper of Uskayaw the Reveller
  2664 | D:4      | Noticed a phantom
  2664 | D:4      | Reached * piety under Uskayaw
  2667 | D:4      | Reached ** piety under Uskayaw
  2676 | D:3      | Reached *** piety under Uskayaw
  2683 | D:3      | Reached **** piety under Uskayaw
  2688 | D:3      | Killed a phantom
  2688 | D:3      | Reached ***** piety under Uskayaw
  2689 | D:3      | Reached skill level 6 in Ranged Weapons
  2689 | D:3      | Gained mutation: You have a tail ending in a sharp stinger.
                  | [demonic ancestry]
  2689 | D:3      | Reached XP level 5. HP: 14/38 MP: 5/5
  2797 | D:4      | Gained mutation: You are partially covered in yellow
                  | scales. (AC +2) [demonic ancestry]
  2797 | D:4      | Reached XP level 6. HP: 38/44 MP: 6/6
  2952 | D:4      | Found a snail-covered altar of Cheibriados.
  3048 | D:4      | Found a hazy altar of Hepliaklqana.
  3094 | D:4      | Reached skill level 7 in Ranged Weapons
  3251 | D:4      | Noticed Pikel
  3269 | D:4      | Killed Pikel
  3270 | D:4      | Reached skill level 9 in Ranged Weapons
  3270 | D:4      | Reached XP level 7. HP: 38/50 MP: 7/7
  3582 | D:4      | You are sucked into a shaft and drop 2 floors!
  3669 | D:6      | Reached skill level 1 in Invocations
  3669 | D:6      | Reached XP level 8. HP: 46/56 MP: 7/9
  3815 | D:5      | Entered Level 5 of the Dungeon
  4259 | D:5      | Found a shadowy altar of Dithmenos.
  4367 | D:5      | Reached skill level 10 in Ranged Weapons
  5045 | D:6      | Reached skill level 5 in Invocations
  5274 | D:6      | Found a staircase to the Ecumenical Temple.
  5287 | D:6      | Gained mutation: Your demonic aura sometimes causes spilled
                  | blood to erupt in flames. [demonic ancestry]
  5287 | D:6      | Reached XP level 9. HP: 36/61 MP: 12/12
  5294 | Temple   | Entered the Ecumenical Temple
  5294 | Temple   | Found a transporter.
  5294 | Temple   | Found a transporter.
  5334 | Temple   | Found a transporter.
  5334 | Temple   | Found a transporter.
  5545 | D:$      | Got out of the dungeon alive.

Illustrated notes

Levels and vault maps discovered:
D:1:      ncdulo_halloftheorcs, layout_basic,
          hellmonk_ecumenical_altar_prayer_group, serial_shops, shop
D:2:      layout_basic, serial_shops, nicolae_shop_rolling_square,
          nicolae_shop_tiny_waterfront, nicolae_shop_trees, shop,
          minmay_misc_feat_cross
D:3:      layout_basic, mainiacjoe_overflow_surrounded_room,
          eat_drink_and_be_merry_uskayaw
D:4:      layout_loops_cross, kennysheep_slug_shrine,
          mainiacjoe_overflow_alcove_2, serial_undead, serial_undead_c,
          serial_undead_c, serial_undead_d, serial_undead_a, serial_undead_b,
          serial_undead_c, serial_undead_e, grunt_ministairs_2, uniq_pikel
D:5:      layout_basic, mainiacjoe_overflow_catwalk
D:6:      minmay_angry_zag, layout_basic, minmay_temple_entry_butterflies
Temple:   hellmonk_temple_divided_pantheon

Skill      XL: |  1  2  3  4  5  6  7  8 |
---------------+-------------------------+-----
Ranged Weapons | 4 5 6 9 10 | 10.7
Invocations    | 1 5 |  5.3
Fighting       | |  2.0
Dodging        | |  1.7
Stealth        | |  0.8

Action                     |  1- 3 |  4- 6 |  7- 9 || total
---------------------------+-------+-------+-------++-------
   Fire: Shortbow          |   116 |   165 |   176 ||   457
    Use: Scroll            |     4 |       |     4 ||     8
         Potion            |     1 |       |       ||     1
 Armour: Leather armour    |    18 |    37 |    27 ||    82
  Dodge: Dodged            |    26 |    53 |    46 ||   125
